 Dungeon Crawl Stone Soup version 0.30-a0-297-g0ec75d9ef4 (webtiles) character file.

Game seed: 4085653260722958055

14724 Bnni the Skirmisher (level 12, -7/95 (98) HPs)
             Began as a Formicid Hunter on Oct 18, 2022.
             Was a High Priest of Okawaru.
             Mangled by a red ugly thing (13 damage)
             ... on level 11 of the Dungeon.
             The game lasted 00:37:37 (14532 turns).

Bnni the Skirmisher (Formicid Hunter)              Turns: 14532, Time: 00:37:37

HP:   -7/95 (98)    AC: 22    Str: 15    XL:     12   Next: 48%
MP:   14/17         EV: 10    Int: 11    God:    Okawaru [*****.]
Gold: 735           SH:  0    Dex: 21    Spells: 11/11 levels left

rFire   . . .      SeeInvis +    c - +0 arbalest
rCold   . . .      Faith    .    (no shield)
rNeg    + + .      Spirit   .    e - +5 pearl dragon scales
rPois   +          Reflect  .    (helmet unavailable)
rElec   .          Harm     .    (no cloak)
rCorr   .          Rampage  .    v - +0 pair of gloves
Will    +....                    g - +0 pair of boots
Stlth   +.........               (no amulet)
HPRegen 0.35/turn                m - ring of positive energy
MPRegen 0.15/turn                E - ring of poison resistance

@: finesse-ful, lightly drained, invisible
A: permanent stasis, dig shafts and tunnels, antennae 3, four strong arms
a: Dig, Shaft Self, Renounce Religion, Heroism, Finesse, Duel


You were on level 11 of the Dungeon.
You worshipped Okawaru.
Okawaru was extremely pleased with you.
You visited 2 branches of the dungeon, and saw 12 of its levels.
You visited the Abyss 1 time.
You also visited: Sewer.

You collected 940 gold pieces.
You spent 205 gold pieces at shops.

Inventory:

Hand Weapons
 c - a +0 arbalest (weapon)
 j - the +6 dagger of the Morning {freeze, rElec}
   (You found it on level 4 of the Dungeon)

   It freezes those it strikes, dealing additional cold damage.
   It can also slow down cold-blooded creatures.
   rElec:     It insulates you from electricity.
 o - a +3 sling of flaming
 u - a +3 scimitar
Armour
 e - +5 pearl dragon scales (worn)
 g - a +0 pair of boots (worn)
 v - a +0 pair of gloves (worn)
Jewellery
 d - a ring of fire
 f - a ring of fire
 i - the ring "Ylixke" {+Blink rPois rC- rN+++}
   (You found it on level 8 of the Dungeon)

   [ring of poison resistance]

   rC:        It makes you vulnerable to cold.
   rPois:     It protects you from poison.
   rN:        It renders you almost immune to negative energy.
   +Blink:    It lets you blink.
 m - a ring of positive energy (left hand)
 E - a ring of poison resistance (right hand)
Wands
 w - a wand of light (1)
 x - a wand of roots (6)
 y - a wand of flame (4)
Scrolls
 a - 8 scrolls of identify
 b - 3 scrolls of immolation
 k - 2 scrolls of poison
 n - 2 scrolls of silence
 q - 3 scrolls of fog
Potions
 h - 5 potions of flight
 p - a potion of might
 r - 3 potions of attraction
 s - 5 potions of mutation
 z - a potion of resistance
 A - a potion of brilliance


   Skills:
 + Level 10.5 Fighting
 * Level 13.7 Ranged Weapons
 + Level 10.1 Armour
 - Level 1.7 Dodging
 - Level 1.2 Stealth
 + Level 6.8 Invocations


You had 11 spell levels left.
You didn't know any spells.
Your spell library contained the following spells:

 Spells                   Type           Power      Damage    Failure   Level
 Apportation              Tloc           0%         N/A       80%         1
 Necrotise                Necr           0%         1d4       80%         1
 Cigotuvi's Dreadful Rot  Necr/Pois/Air  0%         N/A       90%         2
 Poisonous Vapours        Pois/Air       0%         N/A       90%         2
 Mephitic Cloud           Conj/Pois/Air  0%         N/A       99%         3
 Vampiric Draining        Necr           0%         2d6       99%         3
 Agony                    Necr           0%         N/A       100%        5
 Summon Small Mammal      Summ           Unusable   N/A       N/A         1
 Animate Dead             Necr           Unusable   N/A       N/A         4
 Haunt                    Necr/Summ      Unusable   N/A       N/A         7
 Infestation              Necr           Unusable   N/A       N/A         8

Dungeon Overview and Level Annotations

Branches:
Dungeon (11/15)            Temple (1/1) D:7            Lair (0/5) D:8
    Orc (0/2) D:9           Sewer (visited)

Altars:
Cheibriados
Dithmenos
Nemelex Xobeh
Okawaru
Qazlal
Ru
Trog
The Shining One

Shops:
D:3 (   D:5 *

Annotations:
D:9 exclusions: ice statue and orange crystal statue


Innate Abilities, Weirdness & Mutations

You cannot be hasted, slowed, berserked, paralysed or teleported.
You can dig through walls and to a lower floor.
You have a pair of large antennae on your head. (SInv)
Your four strong arms can wield two-handed weapons with a shield.


Message History

You partially resist.
You feel drained.
Fire: c) +0 arbalest
Press: ? - help, Q - select action, (/) - cycle Shift-Dir - straight line, f/p - skeletal warrior
Aim: a skeletal warrior, wielding a +0 war axe of draining (almost destroyed, 69% to hit)
You shoot a bolt.
The bolt barely misses the skeletal warrior.
The bolt hits the red ugly thing!!
The red ugly thing is moderately wounded.
Okay, then.
Press: ? - help, v - describe, . - travel
Here: a skeletal warrior, wielding a +0 war axe of draining (almost destroyed)
The floor.
You feel better.
The skeletal warrior hits you but does no damage.
You partially resist.
You fade into invisibility!
The skeletal warrior hits you with a +0 war axe of draining.
* * * LOW HITPOINT WARNING * * *
You partially resist.
The centaur shoots an arrow.
The arrow hits the red ugly thing!
Fire: c) +0 arbalest
Press: ? - help, Q - select action, (/) - cycle Shift-Dir - straight line, f/p - skeletal warrior
Aim: a skeletal warrior, wielding a +0 war axe of draining (almost destroyed, unable to see you, 69% to hit)
You shoot a bolt. The bolt hits the skeletal warrior!!
You destroy the skeletal warrior!
Okawaru is honoured by your kill. Okawaru grants you armour!
Something appears at your feet!
You see here a scarf of invisibility.
The centaur shoots an arrow.
The arrow barely misses the red ugly thing.
The arrow barely misses you.
Fire: c) +0 arbalest
Press: ? - help, Q - select action, (/) - cycle Shift-Dir - straight line, f - red ugly thing
Aim: a red ugly thing (heavily wounded, unable to see you, 69% to hit)
You shoot a bolt. The bolt hits the red ugly thing!
The red ugly thing is severely wounded.
The red ugly thing tail-slaps you!
* * * LOW HITPOINT WARNING * * *
You are engulfed in flames!
You die...

. #.....## #. #...(..
......... #.##.....
#....z.$. #####..#....
......... ##..........
##.(...... ..........#
#..(...... #........#
#.........
#........########.........
#.........†.†.@uc.../.....
#........########.........
#))).....# ##........#.#
#)<).....# ##>.........###
########....
#............. #.....
#...........c #...).
...........# #.....
#..........###. ...
...............


You could see a red ugly thing (unable to see you) and a centaur (unable to see
you).

Vanquished Creatures
  Erolcha (D:9)
  Harold (D:9)
  A catoblepas (D:9)
  A two-headed ogre (D:10)
  Amaemon (D:10)
  4 skeletal warriors (D:11)
  An ugly thing (D:10)
  A manticore (D:10)
  2 cyclopes (D:11)
  An orange demon (D:11)
  A gargoyle (D:10)
  3 komodo dragons (D:10)
  A troll (D:10)
  2 shadows (D:10)
  A wraith (D:10)
  2 basilisks
  3 wargs (D:8)
  An acid dragon (D:10)
  Edmund (D:6)
  Duvessa (D:5)
  5 ice beasts
  4 orc warriors (D:9)
  3 black bears
  4 centaurs
  2 ogres
  3 phantoms
  2 kobold brigands
  4 bullfrogs
  3 scorpions
  5 wights (D:9)
  Dowan (D:5)
  12 killer bees
  7 howler monkeys
  3 hounds
  4 jellies
  A bullfrog skeleton (D:4)
  A centaur skeleton (D:4)
  13 orc priests
  7 iguanas
  A scorpion zombie (D:4)
  A merfolk siren (Sewer)
  9 orc wizards
  A merfolk avatar (Sewer)
  A hound zombie (D:4)
  2 hound skeletons (D:4)
  A howler monkey zombie (D:4)
  Robin (D:3)
  A howler monkey skeleton (D:4)
  6 gnolls
  14 adders
  3 river rats
  2 shadow imps (D:7)
  2 white imps
  3 adder zombies (D:4)
  2 adder skeletons (D:4)
  2 worms (D:3)
  5 dart slugs
  51 orcs
  7 bats
  13 endoplasms
  4 giant cockroaches
  17 goblins
  16 hobgoblins
  9 jackals
  10 quokkas
  13 ball pythons
  11 frilled lizards
  21 kobolds
  30 rats
373 creatures vanquished.

Vanquished Creatures (others)
  10 plants (D:10)
  3 withered plants (D:4)
13 creatures vanquished.

Grand Total: 386 creatures vanquished

Notes
Turn   | Place    | Note
-------+----------+-------------------------------------------
     0 | D:1      | Bnni the Formicid Hunter began the quest for the Orb.
     0 | D:1      | Reached XP level 1. HP: 16/16 MP: 1/1
   227 | D:1      | Reached XP level 2. HP: 23/23 MP: 2/2
   478 | D:1      | Reached XP level 3. HP: 28/28 MP: 3/3
   951 | D:1      | Reached skill level 1 in Armour
  1105 | D:2      | Reached XP level 4. HP: 34/34 MP: 4/4
  1291 | D:2      | Reached skill level 5 in Ranged Weapons
  1815 | D:3      | Found Fasutt's Antique Weapon Shoppe.
  1817 | D:3      | Reached XP level 5. HP: 40/41 MP: 5/5
  2129 | D:3      | Noticed Robin
  2167 | D:3      | Killed Robin
  2251 | D:3      | Found a glowing drain.
  2256 | Sewer    | Entered a sewer
  2364 | Sewer    | Reached XP level 6. HP: 43/48 MP: 6/6
  2663 | Sewer    | Reached skill level 6 in Ranged Weapons
  3022 | D:4      | Noticed an ice beast
  3042 | D:4      | Killed an ice beast
  3043 | D:4      | Reached XP level 7. HP: 22/54 MP: 7/7
  3265 | D:3      | Bought a runed long sword for 136 gold pieces
  3350 | D:4      | Identified the +6 dagger of the Morning {freeze, rElec}
  3458 | D:4      | Reached skill level 7 in Ranged Weapons
  3458 | D:4      | Reached XP level 8. HP: 35/61 MP: 8/8
  3464 | D:4      | Reached skill level 5 in Fighting
  4127 | D:5      | Entered Level 5 of the Dungeon
  4225 | D:5      | Reached skill level 8 in Ranged Weapons
  4225 | D:5      | Reached skill level 5 in Armour
  4507 | D:5      | Found Dozusekk's Assorted Antiques.
  4514 | D:5      | Bought a glowing dark potion for 22 gold pieces
  4514 | D:5      | Bought a scroll labelled CIN CALAUCEG for 25 gold pieces
  4514 | D:5      | Bought a purple potion for 22 gold pieces
  4584 | D:5      | Reached XP level 9. HP: 64/69 MP: 9/9
  4706 | D:5      | Noticed Duvessa
  4706 | D:5      | Noticed Dowan
  4728 | D:5      | Killed Duvessa
  4731 | D:5      | Killed Dowan
  4736 | D:5      | Reached skill level 9 in Ranged Weapons
  6150 | D:6      | Noticed Edmund
  6173 | D:6      | Killed Edmund
  6740 | D:7      | Identified the +1 robe "Luiva" {Rampage Will+ SInv}
  6875 | D:7      | Found a staircase to the Ecumenical Temple.
  6884 | Temple   | Entered the Ecumenical Temple
  6900 | Temple   | Became a worshipper of Warmaster Okawaru
  7000 | D:7      | Reached skill level 10 in Ranged Weapons
  7098 | D:7      | Reached XP level 10. HP: 55/79 MP: 10/10
  8016 | D:8      | Found a shadowy altar of Dithmenos.
  8136 | D:8      | Found a stormy altar of Qazlal.
  8307 | D:8      | Reached * piety under Okawaru
  8443 | D:8      | Found a staircase to the Lair.
  8495 | D:8      | Found a snail-covered altar of Cheibriados.
  8529 | D:8      | Reached skill level 11 in Ranged Weapons
  8630 | D:8      | Identified the ring "Ylixke" {+Blink rPois rC- rN+++}
  8712 | D:9      | Found a staircase to the Orcish Mines.
  9111 | D:9      | Reached skill level 1 in Invocations
  9161 | D:9      | Reached ** piety under Okawaru
  9338 | D:9      | Noticed an orange crystal statue
  9517 | D:9      | Noticed Erolcha
  9520 | Abyss:1  | Cast into level 1 of the Abyss (Erolcha)
  9554 | D:9      | Escaped the Abyss
  9557 | D:9      | You fall into a shaft and drop 1 floor!
  9557 | D:10     | Entered Level 10 of the Dungeon
  9657 | D:9      | Noticed an ice statue
  9707 | D:9      | Noticed a catoblepas
  9714 | D:9      | Noticed Harold
  9736 | D:9      | Killed Harold
 10169 | D:9      | Killed Erolcha
 10170 | D:9      | Reached XP level 11. HP: 39/87 MP: 10/13
 10809 | D:9      | Killed a catoblepas
 10809 | D:9      | Reached *** piety under Okawaru
 10810 | D:9      | Reached skill level 12 in Ranged Weapons
 11740 | D:10     | Noticed a two-headed ogre
 11763 | D:10     | Killed a two-headed ogre
 12143 | D:10     | Found a glowing golden altar of the Shining One.
 12565 | D:10     | Reached **** piety under Okawaru
 12799 | D:10     | Reached skill level 5 in Invocations
 13163 | D:10     | Found a bloodstained altar of Trog.
 13516 | D:11     | Noticed a manticore
 13647 | D:10     | Killed a manticore
 13807 | D:11     | Noticed a skeletal warrior
 13840 | D:11     | Noticed a cyclops
 13841 | D:11     | Noticed a skeletal warrior
 13922 | D:11     | Noticed a red ugly thing
 13922 | D:11     | Noticed Amaemon
 13954 | D:10     | Killed a red ugly thing
 14173 | D:10     | Killed Amaemon
 14174 | D:10     | Reached skill level 13 in Ranged Weapons
 14174 | D:10     | Reached XP level 12. HP: 57/97 MP: 16/16
 14291 | D:11     | Reached skill level 10 in Fighting
 14461 | D:11     | Reached ***** piety under Okawaru
 14485 | D:11     | Noticed a skeletal warrior
 14502 | D:11     | Killed a skeletal warrior
 14503 | D:11     | Noticed a skeletal warrior
 14508 | D:11     | Killed a skeletal warrior
 14509 | D:11     | Reached skill level 10 in Armour
 14516 | D:11     | Killed a skeletal warrior
 14531 | D:11     | Killed a skeletal warrior
 14531 | D:11     | Received a gift from Okawaru
 14532 | D:11     | Mangled by a red ugly thing

Illustrated notes

Levels and vault maps discovered:
D:1:      amcnicky_arrival_wind_blow, layout_loops_corners,
          hangedman_glass_garden, minmay_octomino_c4
D:2:      layout_rooms, minmay_parallelograms, minivault_19, st_stairs_11,
          minivault_4
D:3:      layout_rooms, lightli_sewer_entry_pipes, serial_shops,
          nicolae_shop_overgrown_old_shop, grunt_decor_junction,
          minmay_checkerbox, uniq_robin
D:4:      minmay_opposing_rooms, layout_basic, serial_undead, serial_undead_c,
          serial_undead_e, serial_undead_c, serial_undead_d, serial_undead_d,
          serial_undead_f, lightli_corner_chamber
D:5:      layout_cave_pods, serial_shops, shop_statue, roderic_lattice_a,
          hex_large, uniq_duvessa
D:6:      layout_layer_cave, uniq_edmund
D:7:      layout_cave_pods, minmay_temple_entry_trees
D:8:      layout_rooms, overflow_temple_1_default,
          lemuel_coloured_pillars_altar, mainiacjoe_overflow_alcove_4,
          erik_lair_orcish_takeover, special_room [special_room_orc]
D:9:      minmay_statue_hallways, layout_stronghold,
          minmay_orc_entry_temple_small, minmay_statue_bubble, uniq_harold,
          uniq_erolcha
D:10:     layout_stronghold, mainiacjoe_overflow_alcove_1, tso_metal_star,
          nrook_loot_triangle, minmay_lizard_king
D:11:     cheibrodos_fzero, layout_rooms, special_room [special_room_bee],
          uniq_amaemon
Temple:   bh_familiar_temple

Skill      XL: |  1  2  3  4  5  6  7  8  9 10 11 12 |
---------------+-------------------------------------+-----
Armour         | 1 2 3 4 5 6 8 9 10 | 10.1
Fighting       | 3 4 6 7 8 9 10 | 10.5
Ranged Weapons | 5 6 7 8 10 11 13 | 13.7
Invocations    | 3 5 6 |  6.8
Dodging        | |  1.7
Stealth        | |  1.2

Action                   |  1- 3 |  4- 6 |  7- 9 | 10-12 || total
-------------------------+-------+-------+-------+-------++-------
Melee: Dagger            |       |       |    38 |    18 ||    56
       Punch             |       |       |     1 |       ||     1
 Fire: Shortbow          |    87 |   349 |    80 |       ||   516
       Sling             |       |       |   314 |   732 ||  1046
       Arbalest          |       |       |       |   101 ||   101
Throw: Throwing net      |       |       |       |     3 ||     3
Invok: Heroism           |       |       |       |    20 ||    20
       Finesse           |       |       |       |     1 ||     1
 Abil: Dig               |       |     1 |     1 |     4 ||     6
       Shaft Self        |       |       |       |     1 ||     1
Evoke: Wand              |       |       |       |     1 ||     1
  Use: Scroll            |     3 |     4 |    13 |     4 ||    24
       Potion            |       |     3 |     3 |     7 ||    13
Armor: Pearl dragon scal |    23 |   257 |   177 |   393 ||   850
       Skin              |       |     9 |       |       ||     9
Dodge: Dodged            |    26 |   208 |   118 |   352 ||   704

Table legend: (Time is in decaauts)
 A = Elapsed time spent in this place.
 B = Non-inter-level travel time spent in this place.
 C = Inter-level travel time spent in this place.
 D = Time resting spent in this place.
 E = Time spent auto-exploring this place.
 F = Levels seen in this place.
 G = Mean time per level.
                   A        B        C        D        E       F      G
               +--------+--------+--------+--------+--------+-----+--------+
         Total |  14918 |  14302 |    616 |   2729 |   8347 |  14 | 1065.6 |
       Dungeon |  14150 |  13543 |    607 |   2675 |   8000 |  11 | 1286.4 |
        Temple |     26 |     17 |      9 |      0 |     11 |   1 |   26.0 |
         Abyss |     33 |     33 |      0 |      0 |      0 |   1 |   33.0 |
         Sewer |    707 |    707 |      0 |     54 |    336 |   1 |  707.0 |
               +--------+--------+--------+--------+--------+-----+--------+

Top non-repeatable levels by time:
     D:9: 2572 daAuts
    D:10: 2561 daAuts
     D:5: 1347 daAuts
     D:6: 1286 daAuts
     D:8: 1182 daAuts
     D:4: 1165 daAuts
     D:7: 1155 daAuts
     D:1: 1053 daAuts
     D:2: 796 daAuts
     D:3: 734 daAuts
   Sewer: 707 daAuts
    D:11: 295 daAuts
 Abyss:1: 33 daAuts
  Temple: 26 daAuts
